 Dungeon Crawl Stone Soup version 0.17.1-3-g152610e (webtiles) character file.

47189 FrancescoMac the Carver (level 14, -10/143 HPs)
             Began as a Minotaur Gladiator on Mar 5, 2016.
             Was a High Priest of Trog.
             Mangled by a death yak (15 damage)
             ... on level 8 of the Lair of Beasts on Mar 6, 2016.
             The game lasted 01:27:16 (16502 turns).

FrancescoMac the Carver (Minotaur Gladiator)       Turns: 16502, Time: 01:27:17

Health: -10/143    AC: 10    Str: 24    XL:     14   Next: 7%
Magic:  18/18      EV: 22    Int:  7    God:    Trog [*****.]
Gold:   1004       SH: 16    Dex: 14    Spells: 0 memorised, 13 levels left

rFire  + + .     SeeInvis .     I - +7 demon blade (venom)
rCold  + + +     Clarity  .     T - +2 leather armour {rC+}
rNeg   . . .     SustAt   .     i - +2 shield
rPois  .         Gourm    .     c - +0 hat
rElec  .         Spirit   .     (no cloak)
rCorr  .         Warding  .     (no gloves)
rMut   .         Stasis   .     (no boots)
MR     +....                    e - amulet of Peace {Faith rF+ Dex+5 Slay+2}
Stlth  +.........               Q - ring of protection from fire
                                q - ring of ice

@: exhausted, slowed, very slow, somewhat resistant to hostile enchantments,
very unstealthy
A: retaliatory headbutt, hooves 1, horns 2, repulsion field 1, molten scales 1,
rough black scales 1, clever 1, clumsy 1, cold resistance 1, fire resistance 1,
high mp 1, robust 1
a: Berserk, Trog's Hand, Brothers in Arms, Burn Spellbooks, Renounce Religion


You were on level 8 of the Lair of Beasts.
You worshipped Trog.
Trog was extremely pleased with you.
You were very hungry.

You visited 3 branches of the dungeon, and saw 20 of its levels.

You collected 1279 gold pieces.
You spent 275 gold pieces at shops.

Inventory:

Hand Weapons
 l - the +7 falchion of Distant Shores {drain, rN+ Str+3 Int+3 Dex+5}
   (You found it on level 10 of the Dungeon)

   A truly terrible weapon, it drains the life of those it strikes.
   It affects your strength (+3).
   It affects your intelligence (+3).
   It affects your dexterity (+5).
   It protects you from negative energy.
 v - a +2 demon blade of flaming
 I - a +7 demon blade of venom (weapon)
Missiles
 d - 10 throwing nets (quivered)
Armour
 c - a +0 hat (worn)
 i - a +2 shield (worn)
 J - the +5 shield of the King {rF- Regen+ rCorr Slay-3}
   (You found it on level 7 of the Dungeon)

   It affects your accuracy and damage with ranged weapons and melee attacks
   (-3).
   It makes you vulnerable to fire.
   It increases your rate of regeneration.
   It protects you from acid and corrosion.
 L - a +2 robe of positive energy
 S - a +3 leather armour
 T - a +2 leather armour of cold resistance (worn)
Jewellery
 e - the amulet of Peace (around neck) {Faith rF+ Dex+5 Slay+2}
   (You found it on level 5 of the Dungeon)

   [amulet of faith]

   It allows you to gain divine favour quickly.
   It affects your dexterity (+5).
   It affects your accuracy and damage with ranged weapons and melee attacks
   (+2).
   It protects you from fire.
 n - an uncursed ring of poison resistance
 q - a ring of ice (left hand)
 Q - a ring of protection from fire (right hand)
Wands
 a - a wand of fire (5)
 y - a wand of fire (10)
 F - a wand of lightning (11)
 K - a wand of slowing (25)
 M - a wand of disintegration (5)
 P - a wand of draining (3)
Scrolls
 b - 8 scrolls of identify
 f - a scroll of fear
 g - a scroll of recharging
 B - 2 scrolls of fog
 C - a scroll of enchant armour
 N - 4 scrolls of teleportation
 U - 5 scrolls of remove curse
Potions
 j - 3 potions of flight
 o - a potion of invisibility {unknown}
 r - 3 potions of might
 s - a potion of cure mutation {unknown}
 t - a potion of haste
 x - 10 potions of curing
 A - a potion of magic
 E - 2 potions of brilliance
 G - a potion of resistance
 H - a potion of agility
 W - 3 potions of cancellation
 X - a potion of ambrosia {unknown}
Miscellaneous
 u - a stone of tremors
 Y - a sack of spiders
Comestibles
 h - a slice of pizza
 m - 28 fruits
 p - 6 meat rations
 O - a chunk of flesh


   Skills:
 * Level 13.9 Fighting
 * Level 14.2 Long Blades
 - Level 2.0 Throwing
 * Level 13.5 Dodging
 * Level 13.9 Shields
 + Level 5.2 Evocations


You had 13 spell levels left.
You didn't know any spells.

Dungeon Overview and Level Annotations

Branches:
Dungeon (11/15)            Temple (1/1) D:6            Lair (8/8) D:9
  Swamp (0/4) Lair:6       Spider (0/4) Lair:6        Slime (0/6) Lair:6
    Orc (0/4) D:9

Altars:
Ashenzari
Cheibriados
Dithmenos
Elyvilon
Fedhas
Gozag
Kikubaaqudgha
Makhleb
Nemelex Xobeh
Okawaru
Qazlal
Ru
Sif Muna
Trog
Vehumet
Xom
Yredelemnul
Zin
The Shining One
Jiyva

Shops:
D:8 [   D:9 [%[


Innate Abilities, Weirdness & Mutations

You reflexively headbutt those who attack you in melee.
You have a pair of horns on your head.
You have large cloven feet.
You are surrounded by a mild repulsion field (EV +2).
You are partially covered in molten scales (AC +1).
You are partially covered in rough black scales (AC +4, Dex -1).
Your mind is acute. (Int +2)
You are clumsy. (Dex -2)
Your flesh is cold resistant.
Your flesh is heat resistant.
You have an increased reservoir of magic (+10% MP).
You are robust (+10% HP).


Message History

You feel a strong urge to attack something.
You feel your anger subside.
You are no longer berserk.
Trog's vigour flows through your veins.
You are exhausted.
You feel yourself slow down.
You are feeling hungry.
You are feeling very hungry.
The death yak gores you.
* * * LOW HITPOINT WARNING * * *
You slice the death yak!!
The death yak is poisoned.
Your kick misses the death yak. You headbutt the death yak.
The death yak is moderately wounded.
You block the death yak's attack.
Some of the chunks of flesh in your inventory have rotted away.
You slice the death yak!!
You kick the death yak, but do no damage.
You headbutt the death yak, but do no damage.
The death yak is severely wounded.
The death yak gores you!
You die...

##.†..≈.≈≈≈.P≈≈≈.≈≈≈
#...P†≈≈......÷≈≈≈..
#.............≈...$.
##........"..§≈P≈.P..
###........†.≈≈§.......
##............≈≈§≈......
.........÷....§≈§≈......
.......Y.....†≈≈§§......
.......@...)..§≈≈≈...)..
..........#...§≈§≈......
..............≈≈≈≈......
..........#.............
.........#..............
##.......P..†...........
####.................≈.
#................≈≈≈
#......P........≈≈≈≈


You could see a death yak.

Vanquished Creatures
  Josephine (D:10)
  4 hydras
  Harold (Lair:3)
  2 catoblepae (Lair:7)
  Erica (D:9)
  14 death yaks
  Urug (Lair:3)
  A hill giant (D:10)
  A griffon (Lair:6)
  4 elephants (Lair:6)
  A salamander (Lair:8)
  A centaur zombie (D:8)
  4 black mambas
  Psyche (D:9)
  5 komodo dragons
  A torpor snail (Lair:6)
  13 spiny frogs
  A fire drake (Lair:8)
  2 giant leeches
  A two-headed ogre (D:8)
  12 blink frogs
  Sigmund (D:2)
  A wyvern (Lair:8)
  5 wraiths (D:10)
  2 humans (D:9)
  6 vampire mosquitoes
  21 yaks
  Grum (D:9)
  8 wolves
  2 hungry ghosts
  6 hippogriffs
  A soldier ant (D:10)
  15 porcupines
  2 ice beasts
  3 sky beasts
  5 water moccasins
  A black bear (D:8)
  4 orc warriors
  A necrophage (D:9)
  5 centaurs
  9 ogres
  A phantom (D:4)
  10 crocodiles
  35 giant frogs
  2 scorpions
  7 electric eels
  5 crimson imps
  7 wights
  4 hounds
  A jelly (D:7)
  2 lava snakes
  5 orc priests
  A giant frog zombie (D:5)
  A gnoll shaman (D:6)
  2 centaur skeletons
  2 giant frog skeletons
  5 orc wizards
  Jessica (D:3)
  3 iguanas
  2 polar bear simulacra (Lair:4)
  Natasha (thrice) (D:4)
  A wolf simulacrum (Lair:4)
  9 worker ants
  A hound skeleton (D:5)
  2 hound zombies
  A worker ant zombie (D:9)
  6 adders
  14 gnolls
  43 river rats
  2 shadow imps
  4 oozes
  2 adder skeletons
  A worm (D:2)
  3 giant geckos
  36 orcs
  4 bats
  6 giant cockroaches
  14 goblins
  11 hobgoblins
  6 jackals
  3 quokkas
  3 ball pythons
  4 giant newts
  8 kobolds
  14 rats
  A plant (Lair:7)
  A toadstool (D:1)
470 creatures vanquished.

Vanquished Creatures (collateral kills)
  Gastronok (Lair:3)
  A hydra (Lair:7)
  A necromancer (Lair:4)
  A spiny frog (Lair:7)
  A yak (Lair:7)
  6 yak simulacra (Lair:4)
  2 wolf simulacra (Lair:4)
  A plant (Lair:7)
14 creatures vanquished.

Vanquished Creatures (others)
  12 fungi
  2 plants (Lair:8)
  3 toadstools (D:1)
17 creatures vanquished.

Grand Total: 501 creatures vanquished

Notes
Turn   | Place    | Note
--------------------------------------------------------------
     0 | D:1      | FrancescoMac the Minotaur Gladiator began the quest for the Orb.
     0 | D:1      | Reached XP level 1. HP: 18/18 MP: 0/0
   149 | D:1      | Reached XP level 2. HP: 8/25 MP: 1/1
   443 | D:1      | Reached skill level 4 in Dodging
   666 | D:1      | Reached XP level 3. HP: 30/30 MP: 2/2
   981 | D:1      | Found a glowing golden altar of the Shining One.
  1065 | D:1      | Gained mutation: You have large cloven feet. [potion of mutation]
  1065 | D:1      | Gained mutation: You are surrounded by a mild repulsion field (EV +2). [potion of mutation]
  1065 | D:1      | Gained mutation: You are partially covered in molten scales (AC +1). [potion of mutation]
  1066 | D:1      | Gained mutation: You are partially covered in rough black scales (AC +4, Dex -1). [potion of beneficial mutation]
  1179 | D:2      | Found a basalt altar of Yredelemnul.
  1182 | D:2      | Found a snail-covered altar of Cheibriados.
  1241 | D:2      | Reached XP level 4. HP: 34/38 MP: 3/3
  1769 | D:2      | Found a sparkling altar of Nemelex Xobeh.
  1816 | D:2      | Noticed Sigmund
  1817 | D:2      | Gained mutation: You have an increased reservoir of magic (+10% MP). [potion of beneficial mutation]
  1834 | D:2      | Killed Sigmund
  1834 | D:2      | Reached skill level 5 in Long Blades
  1834 | D:2      | Reached skill level 5 in Dodging
  1834 | D:2      | Reached XP level 5. HP: 32/46 MP: 4/4
  2151 | D:3      | Reached XP level 6. HP: 52/52 MP: 5/5
  2257 | D:3      | Found a blossoming altar of Fedhas.
  2347 | D:3      | Noticed Jessica
  2356 | D:3      | Killed Jessica
  2578 | D:3      | Found a shadowy altar of Dithmenos.
  2953 | D:4      | Found a shimmering altar of Xom.
  3059 | D:4      | Found a stormy altar of Qazlal.
  3093 | D:4      | Noticed Natasha
  3096 | D:4      | Killed Natasha
  3110 | D:4      | Reached skill level 6 in Dodging
  3110 | D:4      | Reached XP level 7. HP: 29/60 MP: 6/6
  3145 | D:4      | Reached skill level 5 in Fighting
  3239 | D:4      | Noticed Natasha
  3240 | D:4      | Killed Natasha
  3250 | D:4      | Noticed Natasha
  3254 | D:4      | Killed Natasha
  3377 | D:5      | Entered Level 5 of the Dungeon
  3419 | D:5      | Got a scorched lead amulet
  3722 | D:5      | Found a deep blue altar of Sif Muna.
  3810 | D:5      | Found a radiant altar of Vehumet.
  3810 | D:5      | Found a white marble altar of Elyvilon.
  3972 | D:6      | Reached XP level 8. HP: 68/70 MP: 7/7
  4040 | D:6      | Reached skill level 7 in Dodging
  4040 | D:6      | Reached skill level 5 in Shields
  4101 | D:6      | Found an opulent altar of Gozag.
  4158 | D:6      | Found a staircase to the Ecumenical Temple.
  4169 | Temple   | Entered the Ecumenical Temple
  5070 | D:6      | Identified the amulet of Peace {Faith rF+ Dex+5 Slay+2} (You found it on level 5 of the Dungeon)
  5213 | D:7      | Got a dazzling shield
  5224 | D:7      | Identified the +5 shield of the King {rF- Regen+ rCorr Slay-3} (You found it on level 7 of the Dungeon)
  5265 | D:7      | Reached XP level 9. HP: 79/79 MP: 8/8
  5274 | D:7      | Reached skill level 8 in Dodging
  5655 | D:8      | Noticed a centaur zombie
  5739 | D:8      | Killed a centaur zombie
  5896 | D:8      | Found Lucim's Armour Shop.
  5924 | D:8      | Found a bloodstained altar of Trog.
  5930 | D:8      | Became a worshipper of Trog the Wrathful
  5968 | D:8      | Reached skill level 9 in Long Blades
  6165 | D:9      | Noticed Erica
  6203 | D:9      | Killed Erica
  6203 | D:9      | Reached XP level 10. HP: 24/91 MP: 10/10
  6564 | D:9      | Reached * piety under Trog
  6606 | D:9      | Got a shimmering chain mail
  6624 | D:9      | Identified the +2 chain mail "Arphieso" {rPois Regen+} (You took it off an orc on level 9 of the Dungeon)
  6688 | D:9      | Found a staircase to the Orcish Mines.
  6779 | D:9      | Reached skill level 10 in Long Blades
  6783 | D:9      | Noticed Grum
  6789 | D:9      | Killed Grum
  6789 | D:9      | Reached ** piety under Trog
  6809 | D:9      | Found an iron altar of Okawaru.
  6838 | D:9      | Found Rouget's Armour Shoppe.
  6838 | D:9      | Found Miut's Food Boutique.
  6948 | D:9      | Found Jootof's Antique Armour Shoppe.
  6951 | D:9      | Bought a bloodstained leather armour for 175 gold pieces
  6961 | D:9      | Identified the +1 leather armour of the Storm King {-Cast *Corrode +Blink Int+3} (You bought it in a shop on level 9 of the Dungeon)
  6961 | D:9      | Bought a dyed leather armour for 50 gold pieces
  6961 | D:9      | Bought a dyed leather armour for 50 gold pieces
  7000 | D:9      | Noticed Psyche
  7008 | D:9      | Killed Psyche
  7016 | D:9      | Found a staircase to the Lair.
  7167 | D:10     | Entered Level 10 of the Dungeon
  7185 | D:10     | Noticed a hill giant
  7203 | D:10     | Killed a hill giant
  7203 | D:10     | Reached skill level 10 in Fighting
  7203 | D:10     | Reached skill level 10 in Dodging
  7329 | D:10     | Noticed Josephine
  7351 | D:10     | Killed Josephine
  7351 | D:10     | Reached XP level 11. HP: 87/101 MP: 11/11
  7370 | D:10     | Reached skill level 10 in Shields
  7406 | D:10     | Found an ancient bone altar of Kikubaaqudgha.
  7458 | D:10     | Got a jewelled falchion
  7459 | D:10     | Identified the +7 falchion of Distant Shores {drain, rN+ Str+3 Int+3 Dex+5} (You found it on level 10 of the Dungeon)
  7640 | D:10     | Gained mutation: Your flesh is heat resistant. [mutagenic meat]
  7641 | D:10     | Gained mutation: You are clumsy. (Dex -2) [mutagenic meat]
  7642 | D:10     | Gained mutation: You are robust (+10% HP). [mutagenic meat]
  7644 | D:10     | Gained mutation: Your flesh is cold resistant. [mutagenic meat]
  7692 | D:10     | Reached skill level 11 in Long Blades
  7748 | D:10     | Reached *** piety under Trog
  8421 | D:11     | Noticed a hill giant
  8425 | D:11     | Noticed a hill giant
  8456 | Lair:1   | Entered Level 1 of the Lair of Beasts
  9296 | Lair:2   | Reached **** piety under Trog
  9339 | Lair:2   | Got a faintly glowing dagger
  9342 | Lair:2   | Identified the cursed +0 dagger "Dych" {flame, +Inv rC+ Int-3 Stlth+} (You found it on level 2 of the Lair of Beasts)
  9422 | Lair:2   | Reached skill level 1 in Evocations
 10157 | Lair:3   | Noticed Urug
 10163 | Lair:3   | Killed Urug
 10315 | Lair:3   | Noticed Gastronok
 10323 | Lair:3   | Killed Gastronok
 10408 | Lair:3   | Gained mutation: Your mind is acute. (Int +2) [potion of beneficial mutation]
 10554 | Lair:3   | Noticed Harold
 10566 | Lair:3   | Killed Harold
 10566 | Lair:3   | Reached skill level 12 in Long Blades
 10566 | Lair:3   | Reached XP level 12. HP: 110/121 MP: 14/14
 10611 | Lair:3   | Noticed a six-headed hydra
 10628 | Lair:3   | Killed a two-headed hydra
 11371 | Lair:3   | Reached ***** piety under Trog
 12600 | Lair:5   | Noticed a five-headed hydra
 12608 | Lair:5   | Killed a three-headed hydra
 12645 | Lair:5   | Received a gift from Trog
 12682 | Lair:5   | Got an encrusted leather armour
 12693 | Lair:5   | Identified the cursed +0 leather armour "Bedug" {-Tele Int+11} (You found it on level 5 of the Lair of Beasts)
 12929 | Lair:6   | Found a hole to the Spider Nest.
 12956 | Lair:6   | Found a staircase to the Swamp.
 12989 | Lair:6   | Reached skill level 13 in Long Blades
 13005 | Lair:6   | Reached XP level 13. HP: 51/130 MP: 16/16
 13386 | Lair:6   | Found a viscous altar of Jiyva.
 13387 | Lair:6   | Found a staircase to the Slime Pits.
 14070 | Lair:6   | Received a gift from Trog
 15469 | Lair:8   | Entered Level 8 of the Lair of Beasts
 15505 | Lair:8   | Reached skill level 5 in Evocations
 16244 | Lair:8   | Reached skill level 14 in Long Blades
 16254 | Lair:8   | Received a gift from Trog
 16476 | Lair:8   | Reached XP level 14. HP: 101/143 MP: 18/18
 16488 | Lair:8   | HP: 7/214 [death yak (9)]
 16499 | Lair:8   | HP: 4/143 [death yak (4)]
 16502 | Lair:8   | Mangled by a death yak

Action                   |  1- 3 |  4- 6 |  7- 9 | 10-12 | 13-15 || total
-------------------------+-------+-------+-------+-------+-------++-------
Melee: Long sword        |    89 |   109 |   259 |       |       ||   457
       Scimitar          |       |       |       |   182 |    10 ||   192
       Falchion          |       |       |       |   347 |    76 ||   423
       Demon blade       |       |       |       |       |   217 ||   217
Invok: Trog's Hand       |       |       |       |     2 |     1 ||     3
       Brothers in Arms  |       |       |       |     2 |     2 ||     4
       Burn Spellbooks   |       |       |       |     2 |       ||     2
       Berserk           |       |       |       |       |     2 ||     2
Evoke: Wand              |       |       |       |       |     1 ||     1
  Use: Scroll            |     3 |     5 |    12 |     7 |     6 ||    33
       Potion            |     3 |     5 |       |     1 |     1 ||    10
 Stab: Sleeping          |       |       |       |     4 |       ||     4
  Eat: Chunk             |     1 |     2 |     6 |    14 |     3 ||    26
       Bread ration      |       |     1 |     1 |     2 |     2 ||     6
       Meat ration       |       |       |       |     1 |       ||     1
       Beef jerky        |       |       |       |     1 |       ||     1
